 Dungeon Crawl Stone Soup version 0.31-a0-1424-g2add1c7226 (webtiles) character file.

Game seed: 10646623694169785645

26168 tulseluper1 the Basher (level 12, -10/104 HPs)
             Began as a Minotaur Fighter on Dec 26, 2023.
             Was a Follower of Uskayaw.
             Mangled by a snapping turtle (12 damage)
             ... on level 1 of the Shoals.
             The game lasted 01:12:59 (15022 turns).

tulseluper1 the Basher (Minotaur Fighter)          Turns: 15022, Time: 01:13:00

Health: -10/104    AC: 22    Str: 26    XL:     12   Next: 95%
Magic:  11/11      EV: 17    Int:  9    God:    Uskayaw [*.....]
Gold:   233        SH:  5    Dex: 10    Spells: 11/11 levels left

rFire   . . .        O - +2 flail (heavy)
rCold   + . .        c - +0 buckler
rNeg    . . .        T - +9 ring mail of Fonn {Int+4 Slay+3}
rPois   .            f - +0 hat
rElec   .            D - +2 cloak
rCorr   .            H - +0 pair of gloves
SInv    .            E - +0 pair of boots
Will    .....        q - amulet of faith
Stlth   ++           g - ring of protection from cold
HPRegen 0.37/turn    R - +5 ring of evasion
MPRegen 0.12/turn

%: faith
@: about to teleport, weak-willed
A: horns 2, retaliatory headbutt
a: Renounce Religion, Stomp


You were on level 1 of the Shoals.
You worshipped Uskayaw.
Uskayaw was noncommittal.
You visited 3 branches of the dungeon, and saw 14 of its levels.

You collected 1321 gold pieces.
You spent 1088 gold pieces at shops.

Inventory:

Hand Weapons
 j - a +0 morningstar
 n - a +2 quarterstaff of chaos
 C - a +1 vampiric dagger
 G - a +1 dagger of holy wrath
 J - the +3 dagger of Dissolution {speed, rF+}
   (You found it on level 5 of the Dungeon)

   rF+:       It protects you from fire.
 M - a +0 flail of protection
 O - a +2 heavy flail (weapon)
 U - a +0 vampiric trident
 W - a +5 war axe
Missiles
 s - 3 throwing nets
 u - 7 poisoned darts
Armour
 c - a +0 buckler (worn)
 f - a +0 hat (worn)
 w - an orb of mayhem
 D - a +2 cloak (worn)
 E - a +0 pair of boots (worn)
 H - a +0 pair of gloves (worn)
 T - the +9 ring mail of Fonn (worn) {Int+4 Slay+3}
   (You found it on level 8 of the Dungeon)

   Int+4:     It affects your intelligence (+4).
   Slay+3:    It affects your accuracy & damage with ranged weapons and melee
   (+3).
 X - an orb of mayhem
 Y - an orb of mayhem
Jewellery
 a - a +6 ring of dexterity
 g - a ring of protection from cold (left hand)
 i - a ring of resist corrosion
 k - a ring of see invisible
 l - a +6 ring of intelligence
 q - an amulet of faith (around neck)
 R - a +5 ring of evasion (right hand)
Talismans
 F - a beast talisman
Wands
 y - a wand of digging (6)
 B - a wand of flame (14) (quivered)
 K - a wand of polymorph (9)
Scrolls
 m - 3 scrolls of immolation
 o - 5 scrolls of amnesia
 r - 5 scrolls of poison
 x - 2 scrolls of butterflies
 I - 3 scrolls of teleportation
 S - 3 scrolls of blinking
Potions
 b - a potion of experience
 d - 3 potions of might
 e - 2 potions of haste
 h - 2 potions of curing
 v - a potion of berserk rage
 z - 2 potions of brilliance
 A - a potion of lignification
 L - 2 potions of heal wounds
 N - 3 potions of enlightenment
 P - a potion of attraction {unknown}
 Q - a potion of invisibility {unknown}
 V - a potion of magic {unknown}
 Z - 2 potions of ambrosia


   Skills:
 + Level 9.0 Fighting
 + Level 12.8 Maces & Flails
 + Level 11.8 Throwing
 + Level 10.5 Armour
 + Level 6.1 Dodging
 + Level 6.1 Stealth
 + Level 8.0 Shields
 + Level 3.3 Evocations


You had 11 spell levels left.
You didn't know any spells.
Your spell library contained the following spells:

 Spells                   Type           Power      Damage    Failure   Level
 Apportation              Tloc           0%         N/A       54%         1
 Slow                     Hex            0%         N/A       54%         1
 Cigotuvi's Dreadful Rot  Necr/Alch/Air  0%         N/A       67%         2
 Ensorcelled Hibernation  Hex/Ice        0%         N/A       67%         2
 Jinxbite                 Hex            0%         N/A       67%         2
 Static Discharge         Conj/Air       0%         3-3/arc   67%         2
 Confusing Touch          Hex            0%         N/A       88%         3
 Dazzling Flash           Conj/Hex       0%         N/A       88%         3
 Fugue of the Fallen      Necr           0%         N/A       88%         3
 Mephitic Cloud           Conj/Alch/Air  0%         N/A       88%         3
 Ozocubu's Armour         Ice            0%         N/A       88%         3
 Sigil of Binding         Hex            0%         N/A       88%         3
 Vampiric Draining        Necr           0%         2d6       88%         3
 Airstrike                Air            0%         2d(0-16)  99%         4
 Anguish                  Hex/Necr       0%         N/A       99%         4
 Cause Fear               Hex            0%         N/A       99%         4
 Ignite Poison            Fire/Alch      0%         N/A       99%         4
 Manifold Assault         Tloc           0%         N/A       99%         4
 Summon Ice Beast         Ice/Summ       0%         N/A       99%         4
 Summon Lightning Spire   Summ/Air       0%         N/A       99%         4
 Agony                    Necr           0%         N/A       100%        5
 Alistair's Intoxication  Alch           0%         N/A       100%        5
 Fireball                 Conj/Fire      0%         3d3       100%        5
 Freezing Cloud           Conj/Ice/Air   0%         6-21      100%        5
 Silence                  Hex/Air        0%         N/A       100%        5
 Summon Mana Viper        Hex/Summ       0%         N/A       100%        5
 Conjure Ball Lightning   Conj/Air       0%         3x3d6     100%        6
 Monstrous Menagerie      Summ           0%         N/A       100%        7
 Discord                  Hex            0%         N/A       100%        8
 Disjunction              Tloc           0%         N/A       100%        8
 Dragon's Call            Summ           0%         N/A       100%        9


Dungeon Overview and Level Annotations

Branches:
Dungeon (10/15)            Temple (0/1) D:7            Lair (3/5) D:9
 Shoals (1/4) Lair:3       Spider (0/4) Lair:3
    Orc: D:9-12

Altars:
Ashenzari
Cheibriados
Dithmenos
Elyvilon
Hepliaklqana
Makhleb
Qazlal
Sif Muna
Uskayaw

Shops:
D:4 [   D:5 =   Shoals:1 !

Portals:
Trove: D:10 (give 8 potions of haste)

Annotations:
Shoals:1 3 runed translucent doors, Goeskeom's ghost, adept OnEE


Innate Abilities, Weirdness & Mutations

You have a pair of horns on your head.
You reflexively headbutt those who attack you in melee.


Message History

Unknown command.
You are too injured to fight recklessly!
The puff of flame hits the faun.
The faun is lightly wounded.
The faun shoots a sling bullet.
You block the sling bullet.
You can now pass through a line of other dancers.
The puff of flame hits the faun.
The faun is moderately wounded.
The faun casts a spell at you.
Your willpower is stripped away!
The puff of flame hits the faun!
The faun is heavily wounded.
The faun shoots a sling bullet.
You block the sling bullet.
The faun shoots a sling bullet.
The sling bullet hits you!
You are too injured to fight recklessly!
You are too injured to fight recklessly!
A sea snake comes into view.
Found a wand of flame (6).
A snapping turtle comes into view.
The snapping turtle hisses angrily.
You hear the steady crackling of a very distant melting archway.
The sea snake hisses angrily.
You can no longer pass through a line of other dancers.
The snapping turtle bites you!!
* * * LOW HITPOINT WARNING * * *
You hit the snapping turtle but do no damage.
The faun casts a spell at you.
You struggle to resist.
The faun shoots a sling bullet.
The sling bullet hits you but does no damage.
You block the snapping turtle's attack.
You are too injured to fight recklessly!
As you read the scroll of teleportation, it crumbles to dust.
You feel strangely unstable.
The faun shoots a sling bullet.
You block the sling bullet.
The faun shoots a sling bullet.
The sling bullet closely misses you. The snapping turtle bites you!!
* * * LOW HITPOINT WARNING * * *
The faun shoots a sling bullet.
The sling bullet hits you.
* * * LOW HITPOINT WARNING * * *
The snapping turtle bites you!
You die...

~~..................~~~≈
~~~./..~......c......~~~
~~~~~~~~^............~~c
~~~~~~~~...............§
~~~~~~~.......c..)†.....
~~~~~~~.............~~..
≈≈≈~~~~~.......###.~~.##
~~≈~~~tS.####### #.~....
.~≈~~..@## #>......
.P~~~.### ........$.
.~~P~. #.t..~~.### ~~~~.
#....~..# ~~~~~
#...~≈..# .~~P
...~≈≈≈.## .~~~
~~~~≈≈≈.#


You could see a sea snake, a snapping turtle and 2 fauns.

Vanquished Creatures
  The ghost of tulseluper1 the Cleaver, a journeyman MiFi of Elyvilon (Lair:2)
  A catoblepas (Lair:3)
  A two-headed ogre (D:7)
  A merfolk aquamancer (Shoals:1)
  The ghost of heinrich the Skirmisher, a novice FoHu of Zin (D:8)
  Nergalle (Lair:1)
  Amaemon (Lair:1)
  A skyshark (Lair:3)
  3 sea snakes (Shoals:1)
  Pikel (D:8)
  A manticore (D:8)
  8 elephants (Lair:3)
  A merfolk siren (Lair:3)
  An orange demon (Lair:1)
  3 black mambas (Lair:2)
  A kobold demonologist (D:8)
  3 komodo dragons (Lair:2)
  3 cane toads
  A rime drake (Lair:3)
  2 hornets
  A snapping turtle (Shoals:1)
  14 blink frogs
  Sigmund (D:6)
  6 culicivoras (Lair:3)
  2 ynoxinuls (D:9)
  4 wyverns
  2 wraiths
  11 yaks
  4 water elementals (Shoals:1)
  Grum (D:9)
  Menkaure (D:4)
  An acid dragon (D:8)
  9 water moccasins
  4 orc warriors
  2 sky beasts
  2 wolves (D:10)
  4 ogres
  3 centaurs
  A lemure (D:8)
  A phantom (D:5)
  3 elf zombies (D:6)
  7 bullfrogs
  2 scorpions
  8 wights
  An elf skeleton (D:6)
  A howler monkey (D:7)
  An electric eel (D:9)
  2 bombardier beetles (D:5)
  2 hounds
  Crazy Yiuf (D:4)
  9 orc priests
  3 gnoll boudas
  12 orc wizards
  Natasha (thrice) (D:4)
  4 iguanas
  A mummy (D:8)
  Robin (D:4)
  17 gnolls
  12 adders
  A white imp (D:6)
  8 ufetubi (D:9)
  2 dart slugs
  37 orcs
  4 endoplasms
  4 giant cockroaches
  10 goblins
  5 hobgoblins
  7 jackals (D:2)
  4 kobolds
  A quokka (D:1)
  7 ball pythons
  4 bats
  2 frilled lizards
  2 orc zombies (D:6)
  8 rats
306 creatures vanquished.

Notes
Turn   | Place    | Note
-------+----------+-------------------------------------------
     0 | D:1      | tulseluper1 the Minotaur Fighter began the quest for the
                  | Orb.
     0 | D:1      | Reached XP level 1. HP: 19/19 MP: 0/0
   763 | D:1      | Reached XP level 2. HP: 27/27 MP: 1/1
  1407 | D:2      | Found a faded altar of an unknown god.
  1422 | D:2      | Prayed at the altar of an unknown god.
  1422 | D:2      | Became a worshipper of Uskayaw the Reveller
  1422 | D:2      | Reached * piety under Uskayaw
  1611 | D:2      | Reached XP level 3. HP: 33/33 MP: 2/2
  1749 | D:2      | Reached ** piety under Uskayaw
  1750 | D:2      | Reached skill level 3 in Maces & Flails
  2093 | D:3      | Reached XP level 4. HP: 26/40 MP: 3/3
  2821 | D:3      | Noticed a scorpion
  2825 | D:3      | Killed a scorpion
  2826 | D:3      | Reached skill level 4 in Maces & Flails
  2826 | D:3      | Reached skill level 1 in Throwing
  2826 | D:3      | Reached skill level 1 in Dodging
  2826 | D:3      | Reached XP level 5. HP: 37/46 MP: 4/4
  2943 | D:4      | Noticed Natasha
  2943 | D:4      | Found Miupit's Antique Armour Emporium.
  2947 | D:4      | Killed Natasha
  3008 | D:4      | Noticed an ogre
  3023 | D:4      | Reached skill level 5 in Armour
  3023 | D:4      | Reached XP level 6. HP: 52/53 MP: 5/5
  3027 | D:4      | Reached *** piety under Uskayaw
  3109 | D:4      | Reached skill level 5 in Maces & Flails
  3119 | D:4      | Noticed Natasha
  3127 | D:4      | Killed Natasha
  3194 | D:4      | Found a runed translucent door.
  3195 | D:4      | Noticed Crazy Yiuf
  3199 | D:4      | Killed Crazy Yiuf
  3492 | D:4      | Reached XP level 7. HP: 35/60 MP: 6/6
  3783 | D:4      | Noticed Natasha
  3791 | D:4      | Killed Natasha
  3845 | D:4      | Noticed Menkaure
  3855 | D:4      | Killed Menkaure
  3856 | D:4      | Reached skill level 6 in Maces & Flails
  3856 | D:4      | Reached skill level 5 in Shields
  4001 | D:4      | Noticed Robin
  4012 | D:4      | Killed Robin
  4505 | D:5      | Entered Level 5 of the Dungeon
  4632 | D:5      | Reached skill level 1 in Stealth
  4645 | D:5      | Identified the +3 dagger of Dissolution {speed, rF+}
  4746 | D:5      | Reached XP level 8. HP: 66/67 MP: 7/7
  4929 | D:5      | Found Vuemero's Jewellery Shoppe.
  5511 | D:6      | Reached skill level 5 in Fighting
  5836 | D:6      | Noticed Sigmund
  5858 | D:6      | Killed Sigmund
  5859 | D:6      | Reached skill level 7 in Maces & Flails
  6351 | D:6      | Reached skill level 5 in Throwing
  6534 | D:7      | Found a shimmering blue altar of Sif Muna.
  6534 | D:7      | Found a white marble altar of Elyvilon.
  6541 | D:7      | Found a stormy altar of Qazlal.
  6585 | D:7      | Noticed a two-headed ogre
  6590 | D:7      | Killed a two-headed ogre
  6591 | D:7      | Reached XP level 9. HP: 60/75 MP: 8/8
  6592 | D:7      | Reached **** piety under Uskayaw
  6595 | D:7      | Reached ***** piety under Uskayaw
  6599 | D:7      | Reached skill level 8 in Maces & Flails
  7142 | D:7      | You fall into a shaft and drop 3 floors!
  7142 | D:10     | Entered Level 10 of the Dungeon
  7226 | D:10     | Paralysed by a hornet for 1 turns
  7432 | D:10     | Found a portal to a secret trove of treasure.
  7498 | D:9      | Noticed Grum
  7509 | D:10     | Reached skill level 9 in Maces & Flails
  7649 | D:9      | Killed Grum
  7653 | D:9      | Found a staircase to the Lair.
  7698 | D:9      | Reached XP level 10. HP: 72/84 MP: 9/9
  7936 | D:8      | Found a runed translucent gate.
  7936 | D:8      | Found a runed translucent gate.
  7937 | D:8      | Found a runed translucent gate.
  7937 | D:8      | Noticed a manticore
  7938 | D:8      | Noticed heinrich's ghost (novice FoHu)
  8008 | D:8      | Noticed Pikel
  8017 | D:8      | Killed Pikel
  8051 | D:8      | Identified the +9 ring mail of Fonn {Int+4 Slay+3}
  8239 | D:7      | Found a shadowy altar of Dithmenos.
  8870 | D:7      | Found a staircase to the Ecumenical Temple.
  9165 | D:8      | Found a snail-covered altar of Cheibriados.
  9477 | D:8      | Found a burning altar of Makhleb.
  9489 | D:8      | Found a broken altar of Ashenzari.
  9520 | D:8      | Noticed a cacodemon
  9686 | D:8      | Killed a manticore
  9687 | D:8      | Reached skill level 10 in Maces & Flails
  9694 | D:8      | Killed heinrich's ghost
 10045 | D:9      | Reached XP level 11. HP: 92/92 MP: 10/10
 10136 | D:9      | Found a faded altar of an unknown god.
 10136 | D:9      | Found a hazy altar of Hepliaklqana.
 10138 | D:9      | Found a faded altar of an unknown god.
 10228 | D:9      | Reached skill level 1 in Evocations
 10841 | Lair:1   | Entered Level 1 of the Lair of Beasts
 10861 | Lair:1   | You fall into a shaft and drop 1 floor!
 10886 | Lair:1   | Noticed Nergalle
 10891 | Lair:1   | Reached skill level 10 in Armour
 10894 | Lair:1   | Killed Nergalle
 11508 | Lair:1   | Noticed Amaemon
 11521 | Lair:1   | Killed Amaemon
 11980 | Lair:2   | Reached ****** piety under Uskayaw
 11999 | Lair:2   | Reached skill level 11 in Maces & Flails
 11999 | Lair:2   | Reached skill level 10 in Throwing
 12412 | Lair:2   | Found a runed translucent door.
 12416 | Lair:2   | Noticed tulseluper1's ghost (journeyman MiFi)
 12782 | Lair:2   | Identified the +5 trident of Bodily Harmony {heavy, rElec
                  | Will- Str+3}
 12928 | Lair:2   | Killed tulseluper1's ghost
 12929 | Lair:2   | Reached skill level 5 in Dodging
 12929 | Lair:2   | Reached XP level 12. HP: 71/101 MP: 11/11
 13091 | Lair:3   | Noticed a catoblepas
 13112 | Lair:3   | Killed a catoblepas
 13113 | Lair:3   | Reached skill level 5 in Stealth
 13724 | Lair:3   | Reached skill level 12 in Maces & Flails
 14187 | Lair:3   | Found a hole to the Spider Nest.
 14284 | Lair:3   | Found a staircase to the Shoals.
 14722 | Shoals:1 | Entered Level 1 of the Shoals
 14722 | Shoals:1 | Found Sydin's Distillery.
 14922 | Shoals:1 | Bought 2 potions of curing for 102 gold pieces
 14922 | Shoals:1 | Bought 2 potions of might for 136 gold pieces
 14922 | Shoals:1 | Bought a potion of experience for 850 gold pieces
 14930 | Shoals:1 | Noticed a merfolk avatar
 14935 | Shoals:1 | Noticed Goeskeom's ghost (adept OnEE)
 14942 | Shoals:1 | Found a runed translucent gate.
 14942 | Shoals:1 | Found a runed translucent gate.
 14942 | Shoals:1 | Found a runed translucent gate.
 14959 | Shoals:1 | Noticed a merfolk aquamancer
 14970 | Shoals:1 | Killed a merfolk aquamancer
 15022 | Shoals:1 | HP: 2/104 [faun/sling bullet (6)]
 15022 | Shoals:1 | Mangled by a snapping turtle

Illustrated notes

Levels and vault maps discovered:
D:1:      dpeg_arrival_pits, layout_loops_ring
D:2:      layout_rooms, shapermc_ecumenical_altar_totnotflames,
          minmay_misc_feat_more_columns
D:3:      layout_loops_cross
D:4:      layout_loops_ring, serial_shops, nicolae_shop_peninsula,
          guppyfry_early_orc_mine, uniq_natasha, uniq_crazy_yiuf_cottage,
          uniq_menkaure, uniq_robin
D:5:      layout_gridville, serial_shops, shop, st_stairs_2
D:6:      layout_loops_ring, nicolae_ossuary_entry_catacombs, uniq_sigmund
D:7:      layout_loops_ring, nicolae_overflow_hidden_temple,
          nicolae_qazlal_general_emergency, minmay_temple_entry_nine_rooms
D:8:      layout_loops_corners, mainiacjoe_overflow_surrounded_room,
          slow_altar_1, makhleb_altar_promises_db, gammafunk_ghost_split,
          uniq_pikel
D:9:      layout_irregular_city, nicolae_hepliaklqana_ecumenical_no_more,
          dpeg_oklobed_lair, nicolae_fort_ynox, uniq_grum
D:10:     layout_long_grid, okawaru_gym_becter, nicolae_uskayaw_dance_studio,
          enter_trove_6, uniq_sonja
Lair:1:   layout_gridlike, uniq_nergalle, uniq_amaemon
Lair:2:   layout_regular_city, ebering_ghost_reflecting_pool
Lair:3:   layout_loops_ring, mainiacjoe_shoals_entry_four_pools,
          hellmonk_spider_entry_life_and_decay, cheibrodos_lair_reptile_den
Shoals:1: layout_shoals, portal_ice_cave_entry_ice_simulacra,
          gammafunk_ghost_split, serial_shops, nicolae_shop_peninsula,
          nicolae_shop_tiny_real_fake_doors, shop, shop, shop, uniq_roxanne

Skill      XL: |  1  2  3  4  5  6  7  8  9 10 11 12 |
---------------+-------------------------------------+-----
Shields        | 4 5 6 7 8 |  8.0
Fighting       | 4 5 6 7 8 9 |  9.0
Armour         | 4 5 6 8 9 10 | 10.5
Maces & Flails | 3 4 5 6 7 9 10 11 12 | 12.8
Throwing       | 1 2 3 5 6 8 10 11 | 11.8
Dodging        | 1 2 3 5 6 |  6.1
Stealth        | 1 2 3 4 6 |  6.1
Evocations     | 2 3 |  3.3

Action                     |  1- 3 |  4- 6 |  7- 9 | 10-12 || total
---------------------------+-------+-------+-------+-------++-------
  Melee: Flail             |    70 |    85 |   163 |   249 ||   567
         Headbutt          |     6 |    12 |    31 |    45 ||    94
  Throw: Dart              |    12 |    35 |    28 |    30 ||   105
         Boomerang         |       |       |    46 |   149 ||   195
         Stone             |       |       |    64 |    13 ||    77
         Throwing net      |       |       |     1 |       ||     1
  Evoke: Wand              |       |       |     6 |    42 ||    48
    Use: Scroll            |     4 |     3 |     5 |     8 ||    20
         Potion            |       |       |     2 |     2 ||     4
   Stab: Paralysed         |       |       |     5 |    23 ||    28
 Armour: Scale mail        |    67 |    62 |     2 |       ||   131
         Chain mail        |       |       |   176 |    18 ||   194
         Ring mail         |       |       |       |   183 ||   183
  Dodge: Dodged            |    37 |    40 |   106 |   204 ||   387
  Block: Buckler           |    20 |    19 |    45 |    68 ||   152

Table legend: (Time is in decaauts)
 A = Elapsed time spent in this place.
 B = Non-inter-level travel time spent in this place.
 C = Inter-level travel time spent in this place.
 D = Time resting spent in this place.
 E = Time spent auto-exploring this place.
 F = Levels seen in this place.
 G = Mean time per level.
                   A        B        C        D        E       F      G
               +--------+--------+--------+--------+--------+-----+--------+
         Total |  15273 |  14442 |    831 |   4490 |   6330 |  14 | 1090.9 |
       Dungeon |  11034 |  10252 |    782 |   2953 |   4632 |  10 | 1103.4 |
          Lair |   3931 |   3882 |     49 |   1341 |   1663 |   3 | 1310.3 |
        Shoals |    307 |    307 |      0 |    196 |     34 |   1 |  307.0 |
               +--------+--------+--------+--------+--------+-----+--------+

Top non-repeatable levels by time:
  Lair:3: 1718 daAuts
     D:8: 1659 daAuts
     D:4: 1613 daAuts
  Lair:2: 1300 daAuts
     D:1: 1195 daAuts
     D:7: 1169 daAuts
     D:6: 1075 daAuts
     D:9: 1030 daAuts
     D:5: 990 daAuts
  Lair:1: 912 daAuts
     D:2: 903 daAuts
     D:3: 894 daAuts
    D:10: 501 daAuts
Shoals:1: 307 daAuts
